 Dungeon Crawl Stone Soup version 0.30-a0-310-g7d6cbdfea6 (webtiles) character file.

Game seed: 968771722787210056

2368 funkygono the Arsonist (level 9, -15/47 HPs)
             Began as a Gargoyle Fire Elementalist on Oct 24, 2022.
             Demolished by a wight
             ... wielding a +5 great sword
              (19 damage)
             ... on level 7 of the Dungeon.
             The game lasted 00:09:30 (6439 turns).

funkygono the Arsonist (Gargoyle Fire Elementalist) Turns: 6439, Time: 00:09:31

Health: -15/47     AC: 10    Str: 12    XL:     9   Next: 44%
Magic:  9/20       EV: 12    Int: 23    God:
Gold:   307        SH:  0    Dex: 16    Spells: 13/23 levels left

rFire   . . .      SeeInvis .    q - +10 mace "Koptomnu" {flame, Int+3 Stlth+}
rCold   . . .      Faith    .    (no shield)
rNeg    + . .      Spirit   .    a - +0 robe
rPois   ∞          Reflect  .    (no helmet)
rElec   +          Harm     .    A - +0 cloak
rCorr   .          Rampage  .    m - +0 pair of gloves
Will    .....                    (no boots)
Stlth   +++.......               (no amulet)
HPRegen 0.27/turn                o - +6 ring of dexterity
MPRegen 0.17/turn                (no ring)

@: studying Fire Magic
A: sickness immunity, AC +6, negative energy resistance 1, electricity
resistance, torment resistance 1, petrification resistance
a: no special abilities


You were on level 7 of the Dungeon.
You visited 2 branches of the dungeon, and saw 8 of its levels.
You also visited: Sewer.

You collected 307 gold pieces.

Inventory:

Hand Weapons
 b - a +4 falchion of protection
 d - a +1 whip
 q - the +10 mace "Koptomnu" (weapon) {flame, Int+3 Stlth+}
   (You found it on level 3 of the Dungeon)

   It burns those it strikes, dealing additional fire damage.
   Int:       It affects your intelligence (+3).
   Stlth:     It makes you more stealthy.
 u - a +2 whip of venom
Armour
 a - a +0 robe (worn)
 m - a +0 pair of gloves (worn)
 A - a +0 cloak (worn)
Jewellery
 o - a +6 ring of dexterity (left hand)
 F - an amulet of reflection
Wands
 k - a wand of polymorph (9)
 p - a wand of digging (4)
 r - a wand of paralysis (9)
 v - a wand of flame (26)
 y - a wand of light (4)
Scrolls
 f - 2 scrolls of butterflies
 w - 2 scrolls of silence
Potions
 c - 5 potions of curing
 e - a potion of might {unknown}
 g - 2 potions of flight
 h - a potion of attraction
 i - a potion of lignification
 j - a potion of magic
 l - a potion of cancellation
 n - a potion of ambrosia
 s - 2 potions of brilliance
 t - 3 potions of resistance
 x - a potion of mutation {unknown}
 z - a potion of degeneration {unknown}
 C - a potion of haste {unknown}
 E - a potion of heal wounds {unknown}


   Skills:
 + Level 1.0 Fighting
 + Level 1.1 Maces & Flails
 + Level 2.1 Dodging
 - Level 2.1 Stealth
 + Level 7.5 Spellcasting
 + Level 5.3 Conjurations
 + Level 10.4 Fire Magic


You had 13 spell levels left.
You knew the following spells:

 Your Spells              Type           Power      Damage    Failure   Level
a - Foxfire               Conj/Fire      100%       2x1d9     1%          1
b - Scorch                Fire           100%       2d10      1%          2
c - Kindle Blastsparks    Fire/Tloc/Air  48%        2d14      5%          3
d - Flame Wave            Conj/Fire      45%        2d12      2%          4

Your spell library contained the following spells:

 Spells                   Type           Power      Damage    Failure   Level
 Inner Flame              Hex/Fire       32%        N/A       2%          3
 Ensorcelled Hibernation  Hex/Ice        16%        N/A       11%         2
 Passwall                 Tmut/Erth      6%         N/A       11%         2
 Poisonous Vapours        Pois/Air       16%        N/A       11%         2
 Mephitic Cloud           Conj/Pois/Air  16%        N/A       11%         3
 Spider Form              Tmut/Pois      8%         N/A       22%         3
 Swiftness                Air            8%         N/A       22%         3
 Anguish                  Hex/Necr       4%         N/A       58%         4
 Summon Cactus Giant      Summ           4%         N/A       100%        6
 Cigotuvi's Dreadful Rot  Necr/Pois/Air  Unusable   N/A       N/A         2

Dungeon Overview and Level Annotations

Branches:
Dungeon (7/15)             Temple (1/1) D:5           Sewer (visited)

Altars:
Ashenzari
Cheibriados
Dithmenos
Elyvilon
Fedhas
Gozag
Hepliaklqana
Kikubaaqudgha
Nemelex Xobeh
Okawaru
Qazlal
Sif Muna
Trog
Uskayaw
Wu Jian
Xom
Yredelemnul
The Shining One


Innate Abilities, Weirdness & Mutations

You are immune to sickness and miasma.
Your stone body is resilient. (AC +6)
You are immune to poison.
You resist negative energy. (rN+)
You are resistant to electric shocks. (rElec)
You are resistant to unholy torment.
You are immune to petrification.


Message History

The flame wave engulfs the gnoll!!
You kill the gnoll!
The flame wave engulfs the wight.
The wight is moderately damaged. (Press . to intensify the flame waves.)
The gnoll closely misses you. The wight hits you but does no damage.
The wight barely misses you.
A wave of flame ripples out!
The flame wave engulfs the gnoll!!
You kill the gnoll!
The flame wave engulfs the wight but does no damage.
The wight is moderately damaged.
The flame wave engulfs the gnoll.
The gnoll is moderately wounded.
The flame wave engulfs the gnoll!
You kill the gnoll!
The flame wave engulfs the wight!
The wight is severely damaged.
The wight hits you with a +0 great sword!
The wight closely misses you. The gnoll barely misses you.
A wave of flame ripples out!
The flame wave engulfs the wight.
The wight is severely damaged.
The flame wave engulfs the gnoll!
You kill the gnoll!
The flame wave engulfs the gnoll sergeant!
The gnoll sergeant is heavily wounded.
The flame wave engulfs the wight.
You destroy the wight!
The flame wave engulfs the wight but does no damage.
The flame wave engulfs the wight.
The wight is moderately damaged.
You finish channelling waves of flame.
The gnoll sergeant barely misses you. The wight misses you.
The wight attacks as you move away!
The wight hits you with a +0 great sword.
The wight hits you with a +0 dire flail!
* * * LOW HITPOINT WARNING * * *
The gnoll sergeant closely misses you.
The wight throws a stone.
The stone closely misses you.
The stone barely misses the wight.
The wight hits you with a +5 great sword!!
You die...

##### #######...#### ##
........z.)..# #.
########.).##)# #.
#.....z@#####.###### #.
......zg...........#####
#.......#..........#...#
#.......#..........#._.#
#.......#..........#...#
#.......#)...<.....#'''#
#.......#..........#...#
#.......#..........'.P.'
#..........'.P.'


You could see a gnoll sergeant and 3 wights.

Vanquished Creatures
  Sigmund (D:6)
  A water moccasin (D:4)
  2 ice beasts
  A sky beast (D:7)
  A phantom (D:5)
  A kobold brigand (D:7)
  3 scorpions
  12 wights
  A howler monkey (D:5)
  4 jellies
  4 orc priests
  7 hounds
  2 iguanas
  Ijyb (D:3)
  Natasha (thrice) (D:2)
  Terence (D:2)
  An orc wizard (D:3)
  4 gnolls (D:7)
  9 adders
  A shadow imp (D:5)
  2 white imps (D:6)
  A dart slug (D:1)
  8 orcs
  6 endoplasms
  3 giant cockroaches
  5 goblins
  3 hobgoblins
  3 jackals (D:1)
  A quokka (D:1)
  12 ball pythons
  4 bats
  4 frilled lizards
  11 kobolds
  5 rats
128 creatures vanquished.

Vanquished Creatures (collateral kills)
  A foxfire (D:3)
1 creature vanquished.

Vanquished Creatures (others)
  338 foxfires
  2 plants (D:3)
340 creatures vanquished.

Grand Total: 469 creatures vanquished

Notes
Turn   | Place    | Note
-------+----------+-------------------------------------------
     0 | D:1      | funkygono the Gargoyle Fire Elementalist began the quest
                  | for the Orb.
     0 | D:1      | Reached XP level 1. HP: 10/10 MP: 3/3
   212 | D:1      | Reached XP level 2. HP: 15/15 MP: 1/5
   215 | D:1      | Learned a level 2 spell: Scorch
   645 | D:1      | Reached XP level 3. HP: 19/19 MP: 2/6
   649 | D:1      | Learned a level 3 spell: Kindle Blastsparks
  1006 | D:2      | Noticed Natasha
  1011 | D:2      | Killed Natasha
  1012 | D:2      | Reached XP level 4. HP: 19/24 MP: 0/8
  1013 | D:2      | Noticed Terence
  1095 | D:2      | Killed Terence
  1220 | D:2      | Noticed Natasha
  1225 | D:2      | Killed Natasha
  1226 | D:2      | Reached skill level 4 in Fire Magic
  1365 | D:2      | Reached XP level 5. HP: 28/28 MP: 6/9
  1427 | D:2      | Noticed Natasha
  1433 | D:2      | Killed Natasha
  1954 | D:3      | Learned a level 4 spell: Flame Wave
  2149 | D:3      | Identified the +10 mace "Koptomnu" {flame, Int+3 Stlth+}
  2152 | D:3      | Noticed Ijyb
  2163 | D:3      | Killed Ijyb
  2452 | D:3      | Reached XP level 6. HP: 22/32 MP: 6/11
  2699 | D:4      | Noticed a water moccasin
  2703 | D:4      | Killed a water moccasin
  2704 | D:4      | Reached skill level 5 in Fire Magic
  3617 | D:5      | Entered Level 5 of the Dungeon
  3630 | D:5      | Reached XP level 7. HP: 36/36 MP: 10/13
  3717 | D:5      | Found an ornate altar of the Wu Jian Council.
  3781 | D:5      | Found a staircase to the Ecumenical Temple.
  3803 | Temple   | Entered the Ecumenical Temple
  4097 | D:5      | Reached skill level 5 in Spellcasting
  4097 | D:5      | Reached skill level 6 in Fire Magic
  4330 | D:6      | Reached XP level 8. HP: 41/41 MP: 4/16
  4418 | D:5      | Reached skill level 7 in Fire Magic
  4644 | D:6      | Found a glowing drain.
  4653 | Sewer    | Entered a sewer
  4895 | Sewer    | Found a viscous altar of Jiyva.
  4986 | D:6      | Reached skill level 8 in Fire Magic
  5100 | D:6      | Found a stormy altar of Qazlal.
  5555 | D:6      | Noticed Sigmund
  5564 | D:6      | Killed Sigmund
  5565 | D:6      | Reached skill level 9 in Fire Magic
  5696 | D:6      | Reached XP level 9. HP: 46/46 MP: 14/18
  6088 | D:7      | Reached skill level 5 in Conjurations
  6147 | D:7      | Reached skill level 10 in Fire Magic
  6166 | D:7      | Reached skill level 1 in Fighting
  6166 | D:7      | Reached skill level 1 in Maces & Flails
  6297 | D:7      | Found the +0 staff of Battle
  6330 | D:7      | Found a white marble altar of Elyvilon.
  6333 | D:7      | Found a hazy altar of Hepliaklqana.
  6399 | D:7      | Found a broken altar of Ashenzari.
  6439 | D:7      | Demolished by a wight

Illustrated notes

Levels and vault maps discovered:
D:1:      minmay_arrival_jagged, layout_basic
D:2:      layout_rooms, minmay_diced_spiral, uniq_natasha, uniq_terence
D:3:      layout_rooms, serial_forest, infiniplex_forest_join,
          infiniplex_forest_clump_small, infiniplex_forest_lined_3,
          infiniplex_forest_zigzag_1, infiniplex_forest_straight_1,
          infiniplex_forest_clump_cross, uniq_ijyb
D:4:      layout_basic
D:5:      layout_rooms, mainiacjoe_overflow_six_doors_small,
          minmay_temple_entry_offerings, serial_corexii_hall,
          corexii_hall_statues_i, corexii_hall_statues_i
D:6:      layout_loops_ring, mainiacjoe_overflow_catwalk, portal_sewer_entry_d,
          uniq_sigmund
D:7:      layout_basic, mainiacjoe_overflow_catwalk_spiral,
          nicolae_ru_path_of_blood, mainiacjoe_overflow_big_doors
Temple:   cyrus_circular_temple

Skill      XL: |  1  2  3  4  5  6  7  8  9 |
---------------+----------------------------+-----
Conjurations   | 2 3 4 5 |  5.3
Spellcasting   | 3 4 5 6 7 |  7.5
Fire Magic     | 4 5 6 9 10 | 10.4
Dodging        | 2 |  2.1
Fighting       | 1 |  1.0
Maces & Flails | 1 |  1.1
Stealth        | |  2.1

Action                   |  1- 3 |  4- 6 |  7- 9 || total
-------------------------+-------+-------+-------++-------
Melee: Whip              |     5 |     2 |       ||     7
       Mace              |       |     3 |    11 ||    14
 Cast: Foxfire           |    32 |    66 |   101 ||   199
       Scorch            |     3 |    17 |    40 ||    60
       Flame Wave        |       |       |     2 ||     2
  Use: Potion            |       |     1 |       ||     1
       Scroll            |       |    13 |     6 ||    19
Armor: Robe              |     2 |     3 |    17 ||    22
Dodge: Dodged            |     4 |     6 |    36 ||    46

Table legend: (Time is in decaauts)
 A = Elapsed time spent in this place.
 B = Non-inter-level travel time spent in this place.
 C = Inter-level travel time spent in this place.
 D = Time resting spent in this place.
 E = Time spent auto-exploring this place.
 F = Levels seen in this place.
 G = Mean time per level.
                   A        B        C        D        E       F      G
               +--------+--------+--------+--------+--------+-----+--------+
         Total |   6484 |   6349 |    135 |    543 |   4922 |   9 |  720.4 |
       Dungeon |   6088 |   5962 |    126 |    543 |   4608 |   7 |  869.7 |
        Temple |     73 |     64 |      9 |      0 |     56 |   1 |   73.0 |
         Sewer |    322 |    322 |      0 |      0 |    257 |   1 |  322.0 |
               +--------+--------+--------+--------+--------+-----+--------+

Top non-repeatable levels by time:
     D:6: 1232 daAuts
     D:1: 1073 daAuts
     D:2: 936 daAuts
     D:4: 917 daAuts
     D:5: 854 daAuts
     D:3: 700 daAuts
     D:7: 374 daAuts
   Sewer: 322 daAuts
  Temple: 73 daAuts
